 Dungeon Crawl Stone Soup version 0.31-a0-233-g139696dc86 (webtiles) character file.

Game seed: 570596942659541486

215 qw the Shooter (level 5, -10/46 HPs)
             Began as a Minotaur Hexslinger on July 8, 2023.
             Mangled by a gnoll sergeant
             ... wielding a +0 spear
              (12 damage)
             ... on level 4 of the Dungeon.
             The game lasted 00:01:03 (3020 turns).

qw the Shooter (Minotaur Hexslinger)                Turns: 3020, Time: 00:01:04

Health: -10/46     AC:  6    Str: 13    XL:     5   Next: 60%
Magic:  5/5        EV: 12    Int: 10    God:
Gold:   116        SH:  0    Dex: 14    Spells: 5/6 levels left

rFire   . . .        Y - +1 sling
rCold   . . .        (no shield)
rNeg    . . .        d - +0 leather armour
rPois   .            (helmet restricted)
rElec   .            (no cloak)
rCorr   .            f - +2 pair of gloves
SInv    +            (no boots)
Will    .....        (no amulet)
Stlth   +            g - ring of see invisible
HPRegen 0.27/turn    (no ring)
MPRegen 0.09/turn

%: no passive effects
@: no status effects
A: horns 2, retaliatory headbutt
a: no special abilities


You were on level 4 of the Dungeon.
You visited 1 branch of the dungeon, and saw 4 of its levels.

You collected 116 gold pieces.


Innate Abilities, Weirdness & Mutations

You have a pair of horns on your head.
You reflexively headbutt those who attack you in melee.


   Skills:
 - Level 4.2 Fighting
 + Level 5.3 Ranged Weapons
 - Level 2.1 Dodging
 - Level 1.0 Spellcasting
 - Level 2.0 Hexes


You had 5 spell levels left.
You knew the following spells:

 Your Spells              Type           Power      Damage    Failure   Level
a - Slow                  Hex            16%        N/A       19%         1

Your spell library contained the following spells:

 Spells                   Type           Power      Damage    Failure   Level
 Inner Flame              Hex/Fire       2%         N/A       65%         3
 Portal Projectile        Hex/Tloc       4%         N/A       65%         3
 Cause Fear               Hex            2%         N/A       88%         4

Inventory:

Hand Weapons
 Y - a +1 sling (weapon)
Armour
 c - a +0 ring mail
 d - a +0 leather armour (worn)
 f - a +2 pair of gloves (worn)
Jewellery
 g - a ring of see invisible (left hand)
Scrolls
 b - a scroll of blinking {unknown}
 e - a scroll of identify

Dungeon Overview and Level Annotations

Branches:
Dungeon (4/15)
 Temple: D:4-7

Altars:
Xom


Message History

The gnoll sergeant hits you from afar with a +0 spear!
The gnoll hits you with a +0 whip. The gnoll barely misses you.
You shoot a sling bullet. The sling bullet hits the gnoll.
The gnoll is severely wounded.
The gnoll sergeant hits you from afar with a +0 spear.
The gnoll closely misses you. The gnoll hits you but does no damage.
You shoot a sling bullet. The sling bullet hits the gnoll.
The gnoll is severely wounded.
The gnoll sergeant barely misses you.
The gnoll hits you from afar with a +0 spear.
The gnoll closely misses you. The gnoll barely misses you.
You shoot a sling bullet. The sling bullet hits the gnoll.
The gnoll is almost dead.
The gnoll sergeant hits you from afar with a +0 spear.
The gnoll hits you from afar with a +0 spear!
The gnoll hits you with a +0 club. The gnoll closely misses you.
3017 ||| DRINKING potion of heal wounds.
You feel much better. The gnoll sergeant barely misses you.
The gnoll hits you but does no damage. The gnoll hits you with a +0 club.
The gnoll hits you with a +0 whip.
You shoot a sling bullet.
The sling bullet barely misses the gnoll.
The sling bullet hits the gnoll.
The gnoll is heavily wounded.
The gnoll sergeant hits you from afar with a +0 spear.
The gnoll hits you from afar with a +0 spear.
The gnoll hits you with a +0 whip. The gnoll hits you with a +0 club.
You shoot a sling bullet.
The sling bullet closely misses the gnoll. x2
The gnoll sergeant misses you. The gnoll misses you.
The gnoll closely misses you. You furiously retaliate!
You headbutt the gnoll! The gnoll hits you with a +0 whip.
You shoot a sling bullet. The sling bullet hits the gnoll.
The gnoll is almost dead.
The gnoll sergeant hits you but does no damage.
The gnoll hits you from afar with a +0 spear.
The gnoll hits you but does no damage. The gnoll hits you with a +0 club.
The gnoll closely misses you.
The gnoll sergeant hits you from afar with a +0 spear!
You die...

#.# #.# #
#.# # #.#
#.# #.# ..#
##########.#
###
#..........#
...
#.##########
###
#.#.....))#
#.#@#####.#
#.#ggg..#.#
#.#g.##.#.#
#.#..# #.#
######.#..#
#.#
#......#..#
#)#
#.######..#
#.# #.# #..#
#.# #.# #.#


You could see a gnoll sergeant and 3 gnolls.

Vanquished Creatures
  A phantom (D:4)
  Natasha (D:2)
  2 gnolls (D:4)
  2 adders
  A dart slug (D:1)
  5 worms
  An orc (D:4)
  2 ball pythons
  8 bats
  9 endoplasms
  A giant cockroach (D:3)
  9 goblins
  4 hobgoblins
  3 quokkas
  2 frilled lizards
  5 kobolds
  3 rats
59 creatures vanquished.

Notes
Turn   | Place    | Note
-------+----------+-------------------------------------------
     0 | D:1      | qw the Minotaur Hexslinger began the quest for the Orb.
     0 | D:1      | Reached XP level 1. HP: 16/16 MP: 1/1
     0 | D:1      | 0 ||| qw: Version: 0.3-a-46-gb1f654a
     0 | D:1      | 0 ||| qw: Game counter: 3455
     0 | D:1      | 0 ||| qw: Melee chars always use a shield: true
     0 | D:1      | 0 ||| qw: God list: Okawaru
     0 | D:1      | 0 ||| qw: Allow faded altars: false
     0 | D:1      | 0 ||| qw: Do Orc after clearing Dungeon:15 true
     0 | D:1      | 0 ||| qw: Do second Lair branch before Depths: true
     0 | D:1      | 0 ||| qw: Lair rune preference: random
     0 | D:1      | 0 ||| qw: Goals: Normal
     0 | D:1      | 0 ||| PLANNING D:1-11
    85 | D:1      | Reached skill level 3 in Ranged Weapons
    86 | D:1      | Reached XP level 2. HP: 23/23 MP: 2/2
   510 | D:1      | Reached XP level 3. HP: 29/29 MP: 3/3
   899 | D:1      | 899 ||| UPGRADING to +0 leather armour.
   909 | D:1      | 909 ||| DROPPING +0 robe.
   910 | D:1      | 910 ||| READING scroll labelled WEMIMA GAIGIUNKADE.
   911 | D:1      | 911 ||| DRINKING 2 dark potions.
   912 | D:1      | 912 ||| DROPPING scroll of poison.
   913 | D:1      | 913 ||| DROPPING potion of brilliance.
   946 | D:2      | 946 ||| FLEEEEING.
   947 | D:2      | 947 ||| FLEEEEING.
  1001 | D:2      | Reached skill level 4 in Ranged Weapons
  1073 | D:2      | Found a shimmering altar of Xom.
  1508 | D:2      | Noticed Natasha
  1512 | D:2      | HP: 7/29 [Natasha (4)]
  1514 | D:2      | HP: 3/29 [Natasha (4)]
  1516 | D:2      | Killed Natasha
  1517 | D:2      | Reached XP level 4. HP: 5/36 MP: 4/4
  1695 | D:2      | 1695 ||| READING scroll labelled JILITHA KOCOGA.
  1696 | D:2      | 1696 ||| READING scroll labelled CIUSHAMURO.
  1761 | D:2      | 1761 ||| READING 2 scrolls labelled GIMITA VIXUFIT.
  1762 | D:2      | 1762 ||| DROPPING scroll of immolation.
  1804 | D:3      | 1804 ||| FLEEEEING.
  1805 | D:3      | 1805 ||| FLEEEEING.
  1806 | D:3      | 1806 ||| FLEEEEING.
  1807 | D:3      | 1807 ||| FLEEEEING.
  1808 | D:3      | 1808 ||| FLEEEEING.
  1809 | D:3      | 1809 ||| FLEEEEING.
  1812 | D:3      | 1812 ||| FLEEEEING.
  1813 | D:3      | 1813 ||| FLEEEEING.
  1814 | D:3      | 1814 ||| FLEEEEING.
  1815 | D:3      | 1815 ||| FLEEEEING.
  1816 | D:3      | 1816 ||| FLEEEEING.
  1817 | D:3      | 1817 ||| FLEEEEING.
  1818 | D:3      | 1818 ||| STAIRDANCE
  1979 | D:3      | Reached skill level 5 in Ranged Weapons
  2598 | D:3      | 2598 ||| UPGRADING to +2 pair of gloves.
  2603 | D:3      | 2603 ||| UPGRADING to ring of see invisible.
  2604 | D:3      | 2604 ||| READING scroll labelled QOWNARISEMA.
  2608 | D:3      | 2608 ||| DRINKING 2 lumpy green potions.
  2625 | D:3      | 2625 ||| READING 2 scrolls of identify.
  2625 | D:3      | 2625 ||| IDENTIFYING brown potion
  2626 | D:3      | 2626 ||| DROPPING potion of lignification.
  2743 | D:4      | Noticed a phantom
  2765 | D:4      | Killed a phantom
  2766 | D:4      | Reached XP level 5. HP: 29/46 MP: 5/5
  3016 | D:4      | HP: 11/46 [gnoll/+0 club[a gnoll sergeant] (6)]
  3017 | D:4      | 3017 ||| DRINKING potion of heal wounds.
  3020 | D:4      | HP: 2/46 [gnoll/+0 club[a gnoll sergeant] (4)]
  3020 | D:4      | Mangled by a gnoll sergeant

Levels and vault maps discovered:
D:1:      heliophobic_arrival_henge, layout_basic, minivault_24
D:2:      layout_loops_ring, basic_altar, minmay_cut_off, uniq_natasha
D:3:      layout_basic
D:4:      layout_basic

Skill      XL: |  1  2  3  4 |
---------------+-------------+-----
Ranged Weapons | 3 4 5 |  5.3
Fighting       | 2 4 |  4.2
Dodging        | |  2.1
Spellcasting   | |  1.0
Hexes          | |  2.0

Action                     |  1- 3 |  4- 6 || total
---------------------------+-------+-------++-------
   Fire: Sling             |   133 |   106 ||   239
    Use: Scroll            |     1 |     5 ||     6
         Potion            |     1 |     2 ||     3
 Armour: Robe              |     6 |       ||     6
         Leather armour    |     3 |    14 ||    17
  Dodge: Dodged            |    34 |    31 ||    65

Table legend:
 A = Non-vault XP
 B = Vault XP
 C = Vault XP percentage of total XP
 D = Non-vault monster count
 E = Vault monster count
 F = Vault count percentage of total count
                 A         B        C        D         E       F
            +---------+---------+-------+---------+---------+-------
      Total |     263 |      45 |  14.6 |      54 |       5 |   8.5
            +---------+---------+-------+---------+---------+-------
        D:1 |      43 |       0 |   0.0 |      24 |       0 |   0.0
        D:2 |      38 |      45 |  54.2 |      12 |       5 |  29.4
        D:3 |      23 |       0 |   0.0 |      10 |       0 |   0.0
        D:4 |     159 |       0 |   0.0 |       8 |       0 |   0.0
            +---------+---------+-------+---------+---------+-------
